 Dungeon Crawl Stone Soup version 0.26-a0-652-gafc20e3620 (webtiles) character file.

Game seed: 4066954502979725560

319 grandjackal the Skirmisher (level 6, -3/52 HPs)
             Began as a Draconian Hedge Wizard on Oct 2, 2020.
             Killed by miscasting Mephitic Cloud (7 damage)
             ... on level 6 of the Dungeon.
             The game lasted 00:05:16 (2959 turns).

grandjackal the Skirmisher (Draconian Hedge Wizard) Turns: 2959, Time: 00:05:16

Health: -3/52      AC:  6    Str: 14    XL:     6   Next: 21%
Magic:  0/10       EV: 14    Int: 15    God:
Gold:   228        SH:  0    Dex: 16    Spells: 0/11 levels left

rFire    . . .     SeeInvis .   e - +2 short sword (elec)
rCold    . . .     Faith    .   (no shield)
rNeg     . . .     Spirit   .   (armour unavailable)
rPois    .         Reflect  .   b - +0 hat
rElec    .         Harm     .   (no cloak)
rCorr    .         Rampage  .   (no gloves)
MR       .....                  (no boots)
Stlth    ++........             (no amulet)
HPRegen  0.17/turn              k - +6 ring of dexterity
MPRegen  0.12/turn              (no ring)

@: very slightly contaminated
A: unfitting armour, cold-blooded, AC +6
a: no special abilities


You were on level 6 of the Dungeon.
You visited 1 branch of the dungeon, and saw 5 of its levels.

You collected 228 gold pieces.

Inventory:

Hand Weapons
 a - a +0 dagger
 d - a +1 vorpal spear
 e - a +2 short sword of electrocution (weapon)
Armour
 b - a +0 hat (worn)
Jewellery
 k - a +6 ring of dexterity (left hand)
 t - an uncursed amulet of guardian spirit {unknown}
Scrolls
 c - 2 scrolls of blinking {unknown}
 f - a scroll of identify {unknown}
 g - 4 scrolls of teleportation {unknown}
 j - a scroll of random uselessness {unknown}
 l - 2 scrolls of enchant weapon {unknown}
 m - a scroll of amnesia {unknown}
 n - 3 scrolls of remove curse {unknown}
 r - a scroll of immolation {unknown}
Potions
 h - a potion of invisibility {unknown}
 i - 2 potions of curing {unknown}
 o - a potion of ambrosia {unknown}
 p - a potion of mutation {unknown}
 q - a potion of degeneration {unknown}
 s - a potion of brilliance {unknown}
 u - a potion of heal wounds {unknown}


   Skills:
 + Level 3.7 Fighting
 + Level 3.7 Dodging
 - Level 1.7 Stealth
 - Level 3.0 Spellcasting
 + Level 3.6 Conjurations
 - Level 1.0 Summonings
 - Level 1.0 Translocations


You couldn't memorise any spells.
You knew the following spells:

 Your Spells              Type           Power        Failure   Level
a - Magic Dart            Conj           ##..         4%          1
b - Blink                 Tloc           N/A          21%         2
c - Call Imp              Summ           #.......     21%         2
d - Mephitic Cloud        Conj/Pois/Air  #.......     36%         3
e - Conjure Flame         Conj/Fire      #.......     28%         3

Your spell library contained the following spells:

 Spells                   Type           Power        Failure   Level
 Slow                     Hex            #.......     30%         2


Dungeon Overview and Level Annotations

Branches:
Dungeon (6/15)
 Temple: D:4-7

Altars:
Fedhas
Gozag
Sif Muna
Trog

Annotations:
D:5 Blork the orc


Innate Abilities, Weirdness & Mutations

Your plain brown scales are hard. (AC +6)
You cannot fit into any form of body armour.
You are cold-blooded and may be slowed by cold attacks.


Message History

Your magical contamination has completely faded away.
The orc completely misses you.
You hit the orc.
Your tail-slap misses the orc.
The orc is severely wounded.
The orc priest invokes the aid of Beogh against you.
Beogh smites you!
* * * LOW HITPOINT WARNING * * *
The orc barely misses you.
The orc hits you from afar with a +0 trident!
* * * LOW HITPOINT WARNING * * *
Casting: Mephitic Cloud (quite dangerous; 36% risk of failure)
Confirm with . or Enter, or press ? or * to list all spells.
The spell is quite dangerous to cast (36% risk of failure)!
Continue anyway?
Aiming: Mephitic Cloud (quite dangerous; 36% risk of failure)
Press: ? - help, Shift-Dir - straight line, f/p - orc
Aim: an orc, wielding a +0 trident (severely wounded)
You miscast Mephitic Cloud.
You are very lightly contaminated with residual magic.
Energy rips through your body!
You die...

######..(......# #.#
....##...[.....# #.#
....####......## #.#
....# #.#..#.#####.#
.รท..# #.#..#.#.....#
....####'##+#.#.#####
................#
................#####
................@.oo#
...............####.#
....####.###..## #)#
##### #.# #..#####.##
#.# ##..oo.)..# #.#
#..####### #.......
..o...> .......


You could see an orc priest and an orc.

Vanquished Creatures
  A centaur (D:6)
  Jessica (D:2)
  An iguana (D:6)
  A worker ant (D:6)
  2 orc wizards
  4 adders
  An ooze (D:1)
  5 dart slugs
  A leopard gecko (D:1)
  7 orcs
  2 giant cockroaches
  5 goblins
  2 hobgoblins
  A jackal (D:1)
  5 kobolds
  10 bats
  5 frilled lizards
  A giant cockroach zombie (D:5)
  5 rats
60 creatures vanquished.

Notes
Turn   | Place    | Note
-------+----------+-------------------------------------------
     0 | D:1      | grandjackal the Draconian Hedge Wizard began the quest for
                  | the Orb.
     0 | D:1      | Reached XP level 1. HP: 14/14 MP: 4/4
    92 | D:1      | Reached XP level 2. HP: 13/22 MP: 6/6
   116 | D:1      | Reached skill level 1 in Fighting
   556 | D:1      | Reached XP level 3. HP: 28/28 MP: 7/7
   675 | D:1      | Learned a level 2 spell: Blink
   678 | D:1      | Learned a level 2 spell: Call Imp
  1167 | D:2      | Reached XP level 4. HP: 36/36 MP: 8/8
  1240 | D:2      | Noticed Jessica
  1256 | D:2      | Killed Jessica
  1614 | D:2      | Found a bloodstained altar of Trog.
  1740 | D:3      | Reached XP level 5. HP: 41/44 MP: 9/9
  1906 | D:3      | Found an opulent altar of Gozag.
  2062 | D:3      | Found a blossoming altar of Fedhas.
  2066 | D:3      | You fall into a shaft and drop 3 floors!
  2325 | D:6      | Noticed a centaur
  2335 | D:6      | Killed a centaur
  2574 | D:6      | Reached XP level 6. HP: 42/51 MP: 5/10
  2655 | D:6      | Found a shimmering blue altar of Sif Muna.
  2779 | D:5      | Entered Level 5 of the Dungeon
  2779 | D:5      | Noticed an orc warrior
  2782 | D:5      | Noticed Blork the orc
  2867 | D:6      | Learned a level 3 spell: Mephitic Cloud
  2876 | D:6      | Learned a level 3 spell: Conjure Flame
  2959 | D:6      | Killed by miscasting Mephitic Cloud

Illustrated notes

Levels and vault maps discovered:
D:1:      shiori_arrival_maze, layout_rooms
D:2:      layout_basic, lemuel_round_altar, uniq_jessica
D:3:      layout_basic, old_standard_altar, tgw_fedhas
D:5:      layout_rooms, eat_drink_and_be_merry_uskayaw, serial_shops,
          nicolae_shop_window_shopping, sword_in_stone
D:6:      layout_basic, tgw_sif

Skill      XL: |  1  2  3  4  5 |
---------------+----------------+-----
Dodging        | 2 3 |  3.7
Fighting       | 1 2 3 |  3.7
Conjurations   | 2 3 |  3.6
Stealth        | |  1.7
Spellcasting   | |  3.0
Summonings     | |  1.0
Translocations | |  1.0

Action                   |  1- 3 |  4- 6 || total
-------------------------+-------+-------++-------
Melee: Dagger            |    17 |       ||    17
       Short sword       |    53 |    82 ||   135
       Tailslap          |     8 |     8 ||    16
 Cast: Magic Dart        |    10 |    21 ||    31
       Mephitic Cloud    |       |     1 ||     1
 Stab: Sleeping          |     7 |     1 ||     8
Armor: Skin              |    34 |    22 ||    56
Dodge: Dodged            |    58 |    62 ||   120

Table legend: (Time is in decaauts)
 A = Elapsed time spent in this place.
 B = Non-inter-level travel time spent in this place.
 C = Inter-level travel time spent in this place.
 D = Time resting spent in this place.
 E = Time spent auto-exploring this place.
 F = Levels seen in this place.
 G = Mean time per level.
                   A        B        C        D        E       F      G
               +--------+--------+--------+--------+--------+-----+--------+
         Total |   2973 |   2941 |     32 |    973 |   1221 |   5 |  594.6 |
       Dungeon |   2973 |   2941 |     32 |    973 |   1221 |   5 |  594.6 |
               +--------+--------+--------+--------+--------+-----+--------+

Top non-repeatable levels by time:
     D:1: 921 daAuts
     D:6: 872 daAuts
     D:2: 771 daAuts
     D:3: 383 daAuts
     D:5: 24 daAuts
